AoeStats
← beneath mariana

African Clearing

506589677Analyzed
4v4 RM · 17d ago on Sep 14, 2026· 47m 27s· 8 players
Game mode
Random Map
Map size
Large (8 player)
Population
200
Speed
Normal
Resources
Standard
Victory
Conquest
Starting age
Dark Age
Ending age
Imperial Age
RankedLock teamsTeams togetherTeam positionsShared explorationLock speedFull tech treeHidden civsTurbo modeCheats
Victory
Defeat
🇲🇽 Mapuche · Mexico
1599
+9
🇲🇽 Huns · Mexico
1571
+10
🇹🇼 Wu · Taiwan
1533
+11
🇨🇳 Mongols · China
1479
+13
🇲🇽 Maya · Mexico
1471
-12
🇻🇳 Magyars · Vietnam
1465
-12
🇩🇪 Mongols · Germany
1415
-10
🇺🇸 Gurjaras · United States
1377
-9
all peacocks are the same
3:00 Loom
13:16 Feudal Age
15:46 Town Watch
21:02 Castle Age
21:08 Gold Mining
21:29 Double-Bit Axe
33:14 Wheelbarrow
33:03 Bow Saw
35:36 Scale Barding Armor
35:42 Forging
36:18 Bloodlines
37:02 Husbandry
37:04 Horse Collar
42:11 Light Cavalry
44:24 Light Cavalry
45:10 Fletching
45:41 Chain Barding Armor
This is Kawaii
4:49 Loom
13:36 Feudal Age
19:13 Castle Age
19:00 Double-Bit Axe
20:53 Horse Collar
28:58 Fletching
31:36 Wheelbarrow
31:16 Stone Mining
32:26 Bodkin Arrow
33:44 Corvinian Army
35:14 Scale Barding Armor
39:02 Chain Barding Armor
45:01 Imperial Age
43:11 Bow Saw
43:54 Bloodlines
43:44 Husbandry
45:36 Hand Cart
Mangudai
11:35 Feudal Age
11:48 Loom
12:24 Double-Bit Axe
18:21 Castle Age
17:09 Bloodlines
23:51 Fletching
24:26 Bodkin Arrow
25:05 Padded Archer Armor
_BeTo_
3:00 Loom
12:26 Feudal Age
16:22 Castle Age
14:53 Stone Mining
16:11 Town Watch
18:37 Fletching
24:28 Bodkin Arrow
27:48 Double-Bit Axe
29:36 Ballistics
30:21 Wheelbarrow
33:05 Bow Saw
35:55 Imperial Age
34:13 Padded Archer Armor
35:01 Treadmill Crane
35:58 Hand Cart
37:48 Chemistry
37:01 Bracer
37:44 Gold Mining
38:41 Conscription
39:33 Leather Archer Armor
41:51 Elite Plumed Archer
42:42 Thumb Ring
46:23 Hoardings
46:00 Masonry
VX | Obligame Perro!
3:28 Loom
12:11 Feudal Age
12:49 Double-Bit Axe
17:45 Scale Barding Armor
22:33 Forging
34:07 Castle Age
35:55 Bow Saw
35:25 Horse Collar
38:39 Wheelbarrow
42:04 Hand Cart
45:42 Imperial Age
45:51 Imperial Age
43:35 Marauders
43:27 Gold Mining
44:12 Bloodlines
44:35 Chain Barding Armor
45:13 Iron Casting
44:43 Husbandry
46:48 Gold Shaft Mining
46:01 Elite Tarkan
47:17 Conscription
48:00 Plate Barding Armor
VX | Anubis
5:47 Loom
14:02 Feudal Age
19:01 Castle Age
17:49 Double-Bit Axe
19:58 Bow Saw
19:29 Horse Collar
29:36 Wheelbarrow
29:47 Town Watch
31:50 Heavy Plow
33:29 Hand Cart
33:10 Gold Mining
34:26 Stone Mining
35:11 Gold Shaft Mining
38:35 Imperial Age
39:10 Stone Shaft Mining
40:09 Ballistics
40:49 Chemistry
39:53 Malon
40:36 Conscription
40:11 Elite Bolas Rider
43:57 Butalmapu
44:41 Masonry
45:29 Elite Kona
46:00 Fletching
beneath mariana
13:10 Feudal Age
12:09 Loom
17:11 Castle Age
14:59 Double-Bit Axe
17:11 Wheelbarrow
21:41 Town Watch
22:49 Horse Collar
25:26 Fletching
33:52 Bow Saw
34:49 Gold Mining
35:28 Ballistics
38:06 Bodkin Arrow
39:11 Padded Archer Armor
42:16 Imperial Age
41:45 Hand Cart
41:54 Husbandry
45:06 Imperial Age
43:30 Heavy Plow
44:04 Stone Mining
44:50 Gold Shaft Mining
45:01 Bloodlines
48:15 Parthian Tactics
48:00 Bracer
hungyh
8:08 Loom
13:10 Feudal Age
17:34 Castle Age
17:05 Double-Bit Axe
17:50 Fletching
17:43 Crossbowman
20:47 Horse Collar
21:08 Gold Mining
26:33 Bodkin Arrow
27:47 Bow Saw
28:31 Ballistics
28:15 Padded Archer Armor
29:06 Wheelbarrow
32:57 Hand Cart
33:11 Scale Mail Armor
33:22 Forging
33:59 Gold Shaft Mining
35:01 Town Watch
35:26 Heavy Plow
38:44 Imperial Age
36:37 Leather Archer Armor
36:53 Squires
38:23 Chain Mail Armor
38:43 Iron Casting
39:28 Bracer
38:49 Arbalester
40:31 Chemistry
40:04 Plate Mail Armor
41:28 Blast Furnace
41:37 Arson
Connection lost

Rejoining the realm…

Still unreachable

The connection could not be restored.

Session expired

The server has moved on; the page needs a fresh start.